 Dungeon Crawl Stone Soup version 0.29.0-13-gc9e81de378 (webtiles) character file.

Game seed: 5069216531583020230

27285 Ordine the Brawler (level 13, 0/130 HPs)
             Began as a Troll Fighter on Sept 6, 2022.
             Was a High Priest of Wu Jian.
             Slain by a spriggan
             ... wielding a +0 rapier
              (6 damage)
             ... on level 5 of the Lair of Beasts on Sept 7, 2022.
             The game lasted 00:40:13 (12663 turns).

Ordine the Brawler (Troll Fighter)                 Turns: 12663, Time: 00:40:14

Health: 0/130      AC: 11    Str: 26    XL:     13   Next: 3%
Magic:  12/12      EV: 14    Int:  7    God:    Wu Jian [*****.]
Gold:   771        SH: 10    Dex: 10    Spells: 12/12 levels left

rFire   . . .      SeeInvis .     - Unarmed
rCold   . . .      Faith    .   b - +0 kite shield
rNeg    + . .      Spirit   .   H - +0 steam dragon scales
rPois   +          Reflect  .   T - +1 hat
rElec   .          Harm     .   y - +2 ratskin cloak {*Rats rPois rN+ Str-1 Int-1 Dex+1}
rCorr   .          Rampage  .   (gloves unavailable)
Will    .....                   (boots unavailable)
Stlth   +.........              I - amulet of the acrobat
HPRegen 1.11/turn               h - +4 ring of evasion
MPRegen 0.13/turn               x - +4 ring of slaying

@: hasted, studying Throwing, unable to read, very quick
A: large, unfitting armour, claws 3, regeneration 1, shaggy fur 1, tough skin 1,
no potion heal 1, inability to read after injury 1
a: Renounce Religion, Wall Jump, Serpent's Lash, Heavenly Storm


You were on level 5 of the Lair of Beasts.
You worshipped Wu Jian.
Wu Jian was extremely pleased with you.
You visited 3 branches of the dungeon, and saw 17 of its levels.

You collected 1260 gold pieces.
You spent 489 gold pieces at shops.

Inventory:

Missiles
 t - 48 poisoned darts (quivered)
 D - 9 boomerangs
 G - a throwing net
 K - 3 large rocks
 Q - 5 curare-tipped darts
Armour
 b - a +0 kite shield (worn)
 y - the +2 ratskin cloak (worn) {*Rats rPois rN+ Str-1 Int-1 Dex+1}
   (You found it on level 8 of the Dungeon)

   When the wearer is hurt, rats may emerge from it to assist them.
   Str:       It affects your strength (-1).
   Int:       It affects your intelligence (-1).
   Dex:       It affects your dexterity (+1).
   rPois:     It protects you from poison.
   rN:        It protects you from negative energy.
 B - a scarf of repulsion
 H - +0 steam dragon scales (worn)
 T - a +1 hat (worn)
Jewellery
 h - a +4 ring of evasion (left claw)
 n - a ring of resist corrosion
 x - a +4 ring of slaying (right claw)
 F - a ring of protection from fire
 I - an amulet of the acrobat (around neck)
 O - a ring of magical power
Wands
 a - a wand of polymorph (15)
 c - a wand of digging (5)
 s - a wand of flame (43)
 L - a wand of iceblast (7)
 S - a wand of light (6)
Scrolls
 i - 5 scrolls of poison
 l - 6 scrolls of teleportation
 m - 4 scrolls of butterflies
 p - 3 scrolls of magic mapping
 q - 4 scrolls of amnesia
 r - 9 scrolls of vulnerability
 u - 2 scrolls of fear
 w - a scroll of enchant weapon
 A - 2 scrolls of enchant armour
 E - a scroll of brand weapon
 J - a scroll of summoning
 U - 2 scrolls of silence
Potions
 d - 4 potions of haste
 f - 3 potions of flight
 g - 5 potions of magic
 j - 13 potions of curing
 k - 3 potions of attraction
 o - 2 potions of lignification
 v - 5 potions of mutation
 z - 6 potions of brilliance
 C - a potion of invisibility {unknown}
 M - a potion of resistance {unknown}
 N - 3 potions of ambrosia
 R - 2 potions of berserk rage {unknown}
 V - a potion of degeneration {unknown}
 W - a potion of might
Miscellaneous
 P - a box of beasts


   Skills:
 + Level 8.8 Fighting
 + Level 9.4 Throwing
 + Level 6.7 Dodging
 + Level 9.7 Shields
 * Level 17.1 Unarmed Combat


You had 12 spell levels left.
You didn't know any spells.
Your spell library contained the following spells:

 Spells                   Type           Power      Damage    Failure   Level
 Sublimation of Blood     Necr           0%         N/A       78%         2
 Inner Flame              Hex/Fire       0%         N/A       95%         3
 Cause Fear               Hex            0%         N/A       100%        4
 Corpse Rot               Necr/Pois/Air  0%         N/A       100%        4
 Dispel Undead            Necr           0%         3d6       100%        4
 Leda's Liquefaction      Hex/Erth       0%         N/A       100%        4
 Olgreb's Toxic Radiance  Pois           0%         N/A       100%        4
 Petrify                  Tmut/Erth      0%         N/A       100%        4
 Blade Hands              Tmut           0%         N/A       100%        5
 Irradiate                Conj/Tmut      0%         3d11      100%        5
 Lee's Rapid Deconstruct  Erth           0%         3d5*      100%        5
 Death Channel            Necr           0%         N/A       100%        6
 Statue Form              Tmut/Erth      0%         N/A       100%        6
 Dragon Form              Tmut           0%         N/A       100%        7
 Ozocubu's Refrigeration  Ice            0%         4d7       100%        7
 Discord                  Hex            0%         N/A       100%        8
 Ignition                 Fire           0%         3d3       100%        8


Dungeon Overview and Level Annotations

Branches:
Dungeon (12/15)            Temple (1/1) D:7            Lair (3/5) D:9
 Spider (0/4) Lair:2          Orc (0/2) D:12
  Swamp: Lair:2-3    Shoals: Lair:2-3

Altars:
Ashenzari
Cheibriados
Dithmenos
Elyvilon
Fedhas
Gozag
Hepliaklqana
Kikubaaqudgha
Makhleb
Nemelex Xobeh
Okawaru
Qazlal
Ru
Sif Muna
Trog
Uskayaw
Vehumet
Wu Jian
Xom
Yredelemnul
Zin
The Shining One

Shops:
D:1 [   D:8 *   D:11 :

Portals:
Trove: D:11 (give +4 demon blade)


Innate Abilities, Weirdness & Mutations

You are too large for most types of armour.
You have claws for hands.
Your natural rate of healing is unusually fast.
You are covered in fur. (AC +1)
You have tough skin. (AC +1)
Potions are less effective at restoring your health.
You occasionally lose the ability to read scrolls when taking damage.


Message History

The wolf is heavily wounded.
The spriggan rider completely misses you.
The wolf misses you.
You barely miss the wolf.
The wolf is heavily wounded.
The wolf bites you but does no damage.
The spriggan rider hits you from afar with a +0 spear.
* * * LOW HITPOINT WARNING * * *
Unknown command.
You mangle the wolf!!
You kill the wolf!
The Council accepts your kill. The spriggan rider barely misses you.
You scratch the wolf but do no damage. The wolf barely misses you.
The wolf bites you but does no damage.
You closely miss the wolf. The wolf bites you.
* * * LOW HITPOINT WARNING * * *
You block the spriggan rider's attack.
You barely miss the wolf. The wolf bites you.
* * * LOW HITPOINT WARNING * * *
The spriggan rider hits you from afar with a +0 spear!!
* * * LOW HITPOINT WARNING * * *
You block the wolf's attack.
You hear a howl!
You hear an angry growl.
Unknown command.
Unknown command.
You feel yourself speed up.
You hear a shout!
The wolf bites you but does no damage.
The spriggan rider hits you but does no damage.
You closely miss the wolf. The wolf bites you.
* * * LOW HITPOINT WARNING * * *
You mangle the wolf!!
You kill the wolf!
The Council accepts your kill.
The spriggan rider hits you from afar with a +0 spear!
* * * LOW HITPOINT WARNING * * *
You scratch the spriggan but do no damage.
The spriggan hits you with a +0 rapier.
You die...

.♣...♣ .....
...♣ ♣♣..♣
♣..♣♣ ♣♣y.h♣
♣♣..ih♣ ♣.y.♣i♣
♣♣ii♣♣@♣
♣♣hh♣♣♣.♣♣
♣hh♣♣ ♣♣.♣ ♣hh♣
♣)♣♣# ♣h.♣
♣♣..# ..§.♣
♣#.# ♣......
♣..# ###
♣...♣..♣
♣♣.######.####
♣...♣♣.♣
♣.P..#†.###.###


You could see a spriggan rider, a hornet, a spriggan and 2 wolves.

Vanquished Creatures
  Nessos (Lair:5)
  The ghost of Zeus21348 the Tortoise, a journeyman MiBe of Trog (D:10)
  2 two-headed ogres
  3 death yaks (D:9)
  2 spriggans (Lair:5)
  The ghost of kuniqs the Jinx, a novice SpEn of Dithmenos (D:9)
  An ugly thing (D:11)
  A manticore (D:12)
  A cyclops (D:11)
  Joseph (D:8)
  A black mamba (Lair:2)
  Maggie (D:7)
  3 cane toads
  2 unseen horrors
  2 komodo dragons
  A rime drake (Lair:5)
  A meliai (Lair:2)
  A queen bee (D:9)
  4 trolls
  3 hornets
  8 dream sheep (Lair:5)
  14 blink frogs
  2 vampires (D:12)
  7 yaks
  A wraith (D:12)
  2 vampire mosquitoes (D:11)
  2 basilisks
  3 neqoxecs (D:10)
  An acid dragon (D:12)
  4 water moccasins
  5 orc warriors
  An ice beast (D:7)
  A sky beast (D:8)
  6 black bears
  9 wolves
  2 phantoms (D:5)
  7 centaurs
  4 kobold brigands
  7 bullfrogs
  2 necrophages
  2 scorpions
  5 wights (D:8)
  14 killer bees
  2 electric eels
  5 howler monkeys
  2 quasits (D:10)
  14 orc priests
  A jelly (D:6)
  Crazy Yiuf (D:3)
  7 hounds
  3 gnoll boudas
  8 hell rats
  4 iguanas
  18 orc wizards
  5 adders
  17 gnolls
  18 river rats
  A shadow imp (D:6)
  2 white imps
  3 ufetubi
  2 worms
  A dart slug (D:4)
  39 orcs
  3 ball pythons
  5 bats
  13 endoplasms
  3 giant cockroaches
  4 goblins
  6 hobgoblins
  3 quokkas
  5 frilled lizards
  21 kobolds
  8 rats
366 creatures vanquished.

Vanquished Creatures (collateral kills)
  Rupert (Lair:3)
  A black mamba (Lair:2)
  A cane toad (Lair:3)
  Prince Ribbit (Lair:3)
  An orc (D:12)
5 creatures vanquished.

Vanquished Creatures (others)
  A black mamba (Lair:5)
  An orc (D:7)
  6 fungi
  7 plants
15 creatures vanquished.

Grand Total: 386 creatures vanquished

Notes
Turn   | Place    | Note
-------+----------+-------------------------------------------
     0 | D:1      | Ordine the Troll Fighter began the quest for the Orb.
     0 | D:1      | Reached XP level 1. HP: 22/22 MP: 0/0
    91 | D:1      | Reached XP level 2. HP: 29/29 MP: 1/1
   407 | D:1      | Found a faded altar of an unknown god.
   466 | D:1      | Found Esme Zish's Antique Armour Emporium.
  1077 | D:2      | Reached XP level 3. HP: 36/36 MP: 2/2
  1133 | D:2      | Reached skill level 3 in Unarmed Combat
  1318 | D:2      | Reached XP level 4. HP: 30/44 MP: 3/3
  2093 | D:3      | Found a runed translucent door.
  2094 | D:3      | Noticed Crazy Yiuf
  2104 | D:3      | Killed Crazy Yiuf
  2105 | D:3      | Reached skill level 4 in Unarmed Combat
  2105 | D:3      | Reached XP level 5. HP: 37/53 MP: 4/4
  2196 | D:3      | Found an ancient bone altar of Kikubaaqudgha.
  2201 | D:3      | Found a glowing golden altar of the Shining One.
  2209 | D:3      | Found a shimmering altar of Xom.
  2210 | D:3      | Found a sparkling altar of Nemelex Xobeh.
  2210 | D:3      | Found a stormy altar of Qazlal.
  2210 | D:3      | Found an ornate altar of the Wu Jian Council.
  2210 | D:3      | Found a broken altar of Ashenzari.
  2220 | D:3      | Became a worshipper of the Wu Jian Council
  2936 | D:4      | Reached XP level 6. HP: 61/61 MP: 5/5
  3173 | D:4      | Reached skill level 5 in Unarmed Combat
  3345 | D:1      | Bought an embroidered scarf for 184 gold pieces
  3432 | D:5      | Entered Level 5 of the Dungeon
  3460 | D:5      | Noticed a water moccasin
  3483 | D:5      | Reached XP level 7. HP: 33/68 MP: 6/6
  3484 | D:5      | Reached * piety under Wu Jian
  3486 | D:5      | Reached skill level 6 in Unarmed Combat
  3860 | D:5      | Reached skill level 5 in Shields
  3860 | D:5      | Reached XP level 8. HP: 77/79 MP: 7/7
  3914 | D:5      | Reached skill level 7 in Unarmed Combat
  4565 | D:6      | Reached skill level 5 in Fighting
  4637 | D:6      | Identified the +7 rapier of the Bespelling Puffin {vamp,
                  | rC++}
  4688 | D:6      | Reached skill level 8 in Unarmed Combat
  4691 | D:6      | Reached ** piety under Wu Jian
  5058 | D:7      | Found a staircase to the Ecumenical Temple.
  5064 | D:7      | Reached XP level 9. HP: 88/88 MP: 8/8
  5064 | D:7      | Identified the +3 ring mail of Rotation {Harm rElec Dex+4}
  5092 | Temple   | Entered the Ecumenical Temple
  5364 | D:7      | Reached skill level 9 in Unarmed Combat
  5373 | D:7      | Noticed Maggie
  5476 | D:7      | Killed Maggie
  6001 | D:7      | Identified 2 scrolls of acquirement
  6007 | D:7      | Acquired a manual of Throwing
  6013 | D:7      | Acquired a manual of Unarmed Combat
  6040 | D:8      | Reached skill level 10 in Unarmed Combat
  6041 | D:8      | Reached skill level 1 in Throwing
  6204 | D:8      | Noticed Joseph
  6213 | D:8      | Reached *** piety under Wu Jian
  6226 | D:8      | Killed Joseph
  6227 | D:8      | Reached XP level 10. HP: 89/100 MP: 9/9
  6454 | D:8      | Identified the +0 scale mail "Taikuhek" {-Tele Harm rElec
                  | rC+}
  6513 | D:8      | Found Naamme's Assorted Antiques.
  6521 | D:8      | Bought a scroll of amnesia for 88 gold pieces
  6521 | D:8      | Bought a scroll of identify for 44 gold pieces
  6521 | D:8      | Bought a scroll of poison for 88 gold pieces
  6521 | D:8      | Bought a fizzy red potion for 19 gold pieces
  6587 | D:8      | Reached skill level 11 in Unarmed Combat
  6643 | D:8      | Found the +2 ratskin cloak {*Rats rPois rN+ Str-1 Int-1
                  | Dex+1}
  6833 | D:8      | Bought a scroll of teleportation for 66 gold pieces
  7032 | D:9      | Reached **** piety under Wu Jian
  7096 | D:9      | Noticed a death yak
  7099 | D:9      | Noticed a death yak
  7100 | D:9      | Noticed a death yak
  7107 | D:9      | Killed a death yak
  7133 | D:9      | Killed a death yak
  7134 | D:9      | Reached skill level 12 in Unarmed Combat
  7141 | D:9      | Killed a death yak
  7216 | D:9      | Found a staircase to the Lair.
  7287 | D:9      | Noticed kuniqs's ghost (novice SpEn)
  7292 | D:9      | You fall into a shaft and drop 2 floors!
  7374 | D:11     | Reached skill level 5 in Throwing
  7529 | D:11     | Noticed a two-headed ogre
  7538 | D:11     | Noticed a red ugly thing
  7546 | D:11     | Noticed a cyclops
  7547 | D:11     | Killed a two-headed ogre
  7548 | D:11     | Reached skill level 13 in Unarmed Combat
  7548 | D:11     | Reached XP level 11. HP: 109/109 MP: 10/10
  7573 | D:11     | Killed a red ugly thing
  7810 | D:11     | Found a portal to a secret trove of treasure.
  7833 | D:11     | Found Dal Bog's Book Shoppe.
  8138 | D:10     | Entered Level 10 of the Dungeon
  8146 | D:10     | Found a hazy altar of Hepliaklqana.
  8261 | D:9      | Found a transporter.
  8265 | D:9      | Found a transporter.
  8497 | D:9      | Killed kuniqs's ghost
  8765 | D:10     | Found a transporter.
  8795 | D:10     | Reached ***** piety under Wu Jian
  8796 | D:10     | Reached skill level 5 in Dodging
  8813 | D:10     | Noticed Zeus21348's ghost (journeyman MiBe)
  8837 | D:10     | Found a transporter.
  9138 | D:10     | Gained mutation: You occasionally lose the ability to read
                  | scrolls when taking damage. [a neqoxec]
  9145 | D:10     | Gained mutation: Potions are less effective at restoring
                  | your health. [a neqoxec]
  9148 | D:10     | Killed Zeus21348's ghost
  9149 | D:10     | Reached skill level 14 in Unarmed Combat
  9169 | D:10     | Identified the +9 war axe of Charity {venom, rC+ Int+3
                  | Dex+5}
  9386 | D:12     | Noticed a two-headed ogre
  9396 | D:12     | Killed a two-headed ogre
  9618 | D:12     | Found a staircase to the Orcish Mines.
 10529 | Lair:1   | Entered Level 1 of the Lair of Beasts
 10611 | Lair:1   | Reached skill level 15 in Unarmed Combat
 10612 | Lair:1   | Reached XP level 12. HP: 91/119 MP: 11/11
 11584 | Lair:2   | Found a hole to the Spider Nest.
 12296 | Lair:3   | Noticed Rupert
 12301 | Lair:3   | Noticed Prince Ribbit
 12302 | Lair:3   | Killed Rupert
 12303 | Lair:3   | Reached skill level 16 in Unarmed Combat
 12305 | Lair:3   | Killed Prince Ribbit
 12395 | Lair:3   | Noticed an eight-headed hydra
 12396 | Lair:3   | You fall into a shaft and drop 2 floors!
 12396 | Lair:5   | Entered Level 5 of the Lair of Beasts
 12396 | Lair:5   | Noticed Nessos
 12410 | Lair:5   | Killed Nessos
 12473 | Lair:5   | Reached skill level 17 in Unarmed Combat
 12636 | Lair:5   | Reached XP level 13. HP: 123/128 MP: 12/12
 12662 | Lair:5   | HP: 5/130 [spriggan rider/+0 spear (11)]
 12663 | Lair:5   | Slain by a spriggan

Illustrated notes

Levels and vault maps discovered:
D:1:      co_arrival_random_square_maze, layout_loops_ring,
          ebering_ecumenical_altar_hall, serial_shops,
          nicolae_shop_behind_doors, minmay_pentomino_w4
D:2:      layout_basic, chequers_garden
D:3:      layout_basic, grunt_temple_overflow_open,
          chequers_serial_rivers_small_b, st_stairs_12, uniq_crazy_yiuf_cottage
D:4:      nicolae_BIG_FREAKIN_CUBE, layout_loops_corners
D:5:      layout_basic
D:6:      layout_rooms
D:7:      layout_loops_ring, minmay_temple_entry_mist, minivault_14, uniq_maggie
D:8:      wander_guarded_unrand_ratskin, layout_basic, serial_shops,
          nicolae_shop_advertising_works [nicolae_subvault_shop_adworks],
          uniq_joseph
D:9:      layout_roguey, dpeg_lair_monsters, gammafunk_ghost_hive
D:10:     layout_small_grid, kennysheep_mini_moat, gammafunk_ghost_stat_death,
          dreamdust_wishing_well
D:11:     layout_long_grid, enter_trove_1, serial_shops, kennysheep_little_box,
          hangedman_abyss_or_decor_clamps
D:12:     layout_gridville, minmay_orc_entry_temple_large
Temple:   zaba_magenta_temple
Lair:1:   layout_loops_ring
Lair:2:   layout_cave_pods, hellmonk_spider_entry_not_the_bees, st_stairs_8,
          infiniplex_staircase_pool_2, grunt_megastairs_3, serial_bayou_shore_a
Lair:3:   layout_gridlike, skrybe_swamp_entry_bodies, serial_bayou_shore_b,
          uniq_rupert, uniq_prince_ribbit2
Lair:5:   minmay_lair_end_enchanted_forest, layout_gridlike,
          kennysheep_basilisk_garden, uniq_sonja, uniq_nessos

Skill      XL: |  1  2  3  4  5  6  7  8  9 10 11 12 |
---------------+-------------------------------------+-----
Shields        | 3 4 5 6 7 8 9 |  9.7
Unarmed Combat | 3 4 5 6 8 10 13 15 17 | 17.1
Fighting       | 3 4 5 6 7 8 |  8.8
Throwing       | 2 5 7 9 |  9.4
Dodging        | 3 4 5 6 |  6.7

Action                   |  1- 3 |  4- 6 |  7- 9 | 10-12 | 13-15 || total
-------------------------+-------+-------+-------+-------+-------++-------
Melee: Unarmed           |    73 |   146 |   330 |   594 |    26 ||  1169
Throw: Stone             |     2 |     5 |    19 |       |       ||    26
       Dart              |       |       |       |     6 |       ||     6
       Boomerang         |       |       |       |     2 |       ||     2
Invok: Lunge             |       |     9 |    19 |    47 |       ||    75
       Whirlwind         |       |       |    32 |    75 |    10 ||   117
       Heavenly Storm    |       |       |       |     1 |       ||     1
       Serpent's Lash    |       |       |       |     1 |       ||     1
  Use: Potion            |       |     3 |       |    10 |     1 ||    14
       Scroll            |       |       |    13 |    11 |       ||    24
 Stab: Distracted        |     1 |       |       |     1 |       ||     2
       Sleeping          |       |     3 |       |     1 |       ||     4
Armor: Robe              |    21 |    37 |    30 |       |       ||    88
       Steam dragon scal |       |       |     6 |   142 |    14 ||   162
       Skin              |       |       |       |    26 |       ||    26
Dodge: Dodged            |    23 |    57 |   136 |   331 |    14 ||   561
       Repelled          |       |       |     2 |     2 |       ||     4
Block: Kite shield       |    20 |    53 |   116 |   264 |    18 ||   471
